 Dungeon Crawl Stone Soup version 0.31-a0-259-g771a54ca4b (webtiles) character file.

Game seed: 13563740294777644636

93 qw the Shooter (level 4, -1/36 HPs)
             Began as a Minotaur Hexslinger on July 13, 2023.
             Frozen to death by an endoplasm (3 damage)
             ... on level 3 of the Dungeon.
             The game lasted 00:00:45 (1678 turns).

qw the Shooter (Minotaur Hexslinger)                Turns: 1678, Time: 00:00:46

Health: -1/36      AC:  5    Str: 13    XL:     4   Next: 36%
Magic:  4/4        EV: 11    Int: 10    God:
Gold:   7          SH:  0    Dex: 14    Spells: 4/5 levels left

rFire   . . .        Y - +1 sling
rCold   . . .        (no shield)
rNeg    . . .        j - +0 ring mail
rPois   .            (helmet restricted)
rElec   .            (no cloak)
rCorr   .            (no gloves)
SInv    .            (no boots)
Will    .....        (no amulet)
Stlth   +            (no ring)
HPRegen 0.26/turn    (no ring)
MPRegen 0.09/turn

%: no passive effects
@: about to teleport
A: horns 2, retaliatory headbutt
a: no special abilities


You were on level 3 of the Dungeon.
You visited 1 branch of the dungeon, and saw 3 of its levels.

You collected 77 gold pieces.
You spent 70 gold pieces at shops.


Innate Abilities, Weirdness & Mutations

You have a pair of horns on your head.
You reflexively headbutt those who attack you in melee.


   Skills:
 - Level 2.0 Fighting
 + Level 4.7 Ranged Weapons
 - Level 1.0 Armour
 - Level 2.1 Dodging
 - Level 1.0 Spellcasting
 - Level 2.0 Hexes


You had 4 spell levels left.
You knew the following spells:

 Your Spells              Type           Power      Damage    Failure   Level
a - Slow                  Hex            16%        N/A       32%         1

Your spell library contained the following spells:

 Spells                   Type           Power      Damage    Failure   Level
 Inner Flame              Hex/Fire       2%         N/A       82%         3
 Portal Projectile        Hex/Tloc       4%         N/A       82%         3
 Cause Fear               Hex            2%         N/A       97%         4

Inventory:

Hand Weapons
 Y - a +1 sling (weapon)
Armour
 j - a +0 ring mail (worn)
Scrolls
 a - 3 scrolls of identify
Potions
 b - a potion of enlightenment
 c - a potion of magic {unknown}

Dungeon Overview and Level Annotations

Branches:
Dungeon (3/15)

Altars:

Shops:
D:2 (=??


Message History

The orc hits you from afar with a +0 trident.
An endoplasm comes into view.
The orc hits you from afar with a +0 trident.
The orc hits you with a +0 hand axe.
You shoot a sling bullet.
The sling bullet closely misses the orc.
The orc misses you. x2; The orc hits you with a +0 short sword.
You shoot a sling bullet.
The sling bullet hits the orc but does no damage.
The orc is severely wounded.
The orc closely misses you. The endoplasm hits you.
The orc completely misses you. You furiously retaliate!
You headbutt the orc. The orc barely misses you.
You shoot a sling bullet. The sling bullet barely misses the orc.
The orc closely misses you. The orc misses you. The orc closely misses you.
You furiously retaliate!
You headbutt the orc!
You kill the orc!
The endoplasm barely misses you. The endoplasm closely misses you.
The orc barely misses you. The orc hits you with a +0 hand axe.
You shoot a sling bullet. The sling bullet barely misses the orc.
The endoplasm freezes you.
You are frozen.
The orc hits you but does no damage.
The orc hits you from afar with a +0 trident!
1676 ||| READING scroll of teleportation.
As you read the scroll of teleportation, it crumbles to dust.
You feel strangely unstable. The orc barely misses you.
The endoplasm hits you but does no damage.
The orc barely misses you.
You shoot a sling bullet. The sling bullet hits the orc.
You kill the orc!
The orc closely misses you. The endoplasm freezes you.
You are frozen.
You shoot a sling bullet.
The sling bullet hits the endoplasm but does no damage.
The orc hits you but does no damage. The endoplasm freezes you.
You are frozen.
You die...

#.##......:....###
#.##...........:.#
#.##...###.#####.#
####.##.).###.#
#..
#...........#.#
###
#)##..#####.#.# #
#..# ).# ##.# ...
#@)# #)J# #o...
#.#### #.# #$# ...
#..


You could see an orc and an endoplasm.

Vanquished Creatures
  A hound (D:3)
  2 worms (D:2)
  A dart slug (D:1)
  2 orcs (D:3)
  8 bats
  3 endoplasms (D:1)
  2 giant cockroaches
  3 hobgoblins
  2 jackals (D:1)
  A quokka (D:1)
  3 ball pythons
  5 frilled lizards
  7 goblins
  7 kobolds
  4 rats
51 creatures vanquished.

Notes
Turn   | Place    | Note
-------+----------+-------------------------------------------
     0 | D:1      | qw the Minotaur Hexslinger began the quest for the Orb.
     0 | D:1      | Reached XP level 1. HP: 16/16 MP: 1/1
     0 | D:1      | 0 ||| qw: Version: 0.3-a-52-g30416fa
     0 | D:1      | 0 ||| qw: Game counter: 6835
     0 | D:1      | 0 ||| qw: Melee chars always use a shield: true
     0 | D:1      | 0 ||| qw: God list: Okawaru
     0 | D:1      | 0 ||| qw: Allow faded altars: false
     0 | D:1      | 0 ||| qw: Do Orc after clearing Dungeon:15 true
     0 | D:1      | 0 ||| qw: Do second Lair branch before Depths: true
     0 | D:1      | 0 ||| qw: Lair rune preference: random
     0 | D:1      | 0 ||| qw: Goals: Normal
     0 | D:1      | 0 ||| PLANNING D:1-11
   120 | D:1      | Reached skill level 3 in Ranged Weapons
   120 | D:1      | Reached XP level 2. HP: 23/23 MP: 2/2
   430 | D:1      | Reached XP level 3. HP: 29/29 MP: 3/3
   609 | D:1      | 609 ||| UPGRADING to +0 ring mail.
   619 | D:1      | 619 ||| DROPPING +0 robe.
   620 | D:1      | 620 ||| READING scroll labelled UPNAEC COEN.
   621 | D:1      | 621 ||| READING scroll labelled EGESAATO CAWKERENG.
   622 | D:1      | 622 ||| READING 2 scrolls labelled CIMAXY DUCSEI.
   623 | D:1      | 623 ||| READING 2 scrolls labelled ROOLUO PUOTHRATYC.
   627 | D:1      | 627 ||| DROPPING scroll of poison.
   628 | D:1      | 628 ||| DROPPING scroll of noise.
   774 | D:2      | Found a faded altar of an unknown god.
   861 | D:2      | Reached skill level 4 in Ranged Weapons
   914 | D:2      | Found Qadghasu's Jewellery Shop.
   923 | D:2      | 923 ||| SHOPLISTING +5 ring of evasion (468 gold, have 68).
   923 | D:2      | 923 ||| SHOPLISTING +6 ring of dexterity (468 gold, have
                  | 68).
   923 | D:2      | 923 ||| SHOPLISTING +6 ring of strength (468 gold, have
                  | 68).
   923 | D:2      | 923 ||| SHOPLISTING amulet of regeneration (390 gold, have
                  | 68).
   923 | D:2      | 923 ||| SHOPLISTING ring of protection from cold (325 gold,
                  | have 68).
   923 | D:2      | 923 ||| SHOPLISTING ring of see invisible (195 gold, have
                  | 68).
   923 | D:2      | 923 ||| SHOPLISTING ring of willpower (325 gold, have 68).
   931 | D:2      | Found Hack's Weapon Boutique.
   962 | D:2      | Found Leal's Magic Scroll Shop.
   969 | D:2      | 969 ||| SHOPLISTING scroll of enchant armour (82 gold, have
                  | 68).
   969 | D:2      | 969 ||| BUYING scroll of identify (22 gold).
   969 | D:2      | Bought a scroll of identify for 22 gold pieces
   969 | D:2      | 969 ||| BUYING scroll of identify (22 gold).
   969 | D:2      | Bought a scroll of identify for 22 gold pieces
   969 | D:2      | 969 ||| SHOPLISTING scroll of teleportation (33 gold, have
                  | 24).
  1043 | D:2      | Found Ezatoim's Magic Scroll Emporium.
  1049 | D:2      | 1049 ||| BUYING scroll of identify (26 gold).
  1049 | D:2      | Bought a scroll of identify for 26 gold pieces
  1049 | D:2      | 1049 ||| SHOPLISTING scroll of teleportation (39 gold, have
                  | 7).
  1122 | D:2      | HP: 5/29 [worm (5)]
  1123 | D:2      | 1123 ||| READING 2 scrolls of teleportation.
  1125 | D:2      | Reached skill level 1 in Armour
  1354 | D:2      | 1354 ||| READING 5 scrolls of identify.
  1354 | D:2      | 1354 ||| IDENTIFYING glowing white potion
  1355 | D:2      | 1355 ||| READING 4 scrolls of identify.
  1355 | D:2      | 1355 ||| IDENTIFYING fuming red potion
  1356 | D:2      | 1356 ||| READING 3 scrolls of identify.
  1356 | D:2      | 1356 ||| IDENTIFYING fizzy inky potion
  1357 | D:2      | 1357 ||| DROPPING potion of berserk rage.
  1358 | D:2      | 1358 ||| DROPPING potion of degeneration.
  1547 | D:3      | Reached XP level 4. HP: 35/36 MP: 4/4
  1675 | D:3      | HP: 3/36 [orc/+0 trident (7)]
  1676 | D:3      | 1676 ||| READING scroll of teleportation.
  1678 | D:3      | Frozen to death by an endoplasm

Levels and vault maps discovered:
D:1:      heliophobic_arrival_henge, layout_basic
D:2:      layout_basic, serial_shops, shop,
          nicolae_shop_temple_entry_statues_fountains, nicolae_shop_peninsula,
          shop_fountains, basic_ecumenical_altar
D:3:      layout_loops_ring

Skill      XL: |  1  2  3 |
---------------+----------+-----
Ranged Weapons | 3 4 |  4.7
Fighting       | 2 |  2.0
Armour         | 1 |  1.0
Dodging        | |  2.1
Spellcasting   | |  1.0
Hexes          | |  2.0

Action                     |  1- 3 |  4- 6 || total
---------------------------+-------+-------++-------
   Fire: Sling             |   156 |    17 ||   173
    Use: Scroll            |     8 |     1 ||     9
 Armour: Robe              |     8 |       ||     8
         Ring mail         |    11 |     3 ||    14
  Dodge: Dodged            |    58 |    15 ||    73

Table legend:
 A = Non-vault XP
 B = Vault XP
 C = Vault XP percentage of total XP
 D = Non-vault monster count
 E = Vault monster count
 F = Vault count percentage of total count
                 A         B        C        D         E       F
            +---------+---------+-------+---------+---------+-------
      Total |     133 |       0 |   0.0 |      51 |       0 |   0.0
            +---------+---------+-------+---------+---------+-------
        D:1 |      49 |       0 |   0.0 |      30 |       0 |   0.0
        D:2 |      25 |       0 |   0.0 |      11 |       0 |   0.0
        D:3 |      59 |       0 |   0.0 |      10 |       0 |   0.0
            +---------+---------+-------+---------+---------+-------
